 Dungeon Crawl Stone Soup version 0.31-a0-133-gaae73658be (webtiles) character file.

Game seed: 7501293522495079279

86 BlueFish the Charlatan (level 4, -2/55 HPs)
             Began as a Draconian Artificer on June 2, 2023.
             Killed from afar by an orc wizard (4 damage)
             ... with a magic dart
             ... on level 2 of the Dungeon.
             The game lasted 00:02:47 (2137 turns).

BlueFish the Charlatan (Draconian Artificer)        Turns: 2137, Time: 00:02:47

Health: -2/55      AC: 22    Str: 15    XL:     4   Next: 26%
Magic:  4/4        EV:  2    Int: 13    God:
Gold:   129        SH:  0    Dex: 11    Spells: 3/3 levels left

rFire   + . .        k - +0 short sword
rCold   + . .        (no shield)
rNeg    . . .        (body armour unavailable)
rPois   +            (helmet currently unavailable)
rElec   +            (cloak currently unavailable)
rCorr   +            (gloves currently unavailable)
SInv    .            (boots currently unavailable)
Will    .....        o - amulet of the acrobat
Stlth   ++           (no ring)
HPRegen 0.29/turn    (no ring)
MPRegen 0.09/turn

%: acrobat
@: tree-form, resistant
A: stationary, stasis, torment immunity, boosted hp, AC +5, unfitting armour,
(cold-blooded)
a: no special abilities


You were on level 2 of the Dungeon.
You were a tree.
You visited 1 branch of the dungeon, and saw 3 of its levels.

You collected 129 gold pieces.

Inventory:

Hand Weapons
 k - a +0 short sword (weapon)
Jewellery
 o - an amulet of the acrobat (around neck)
Wands
 b - a wand of flame (15) (quivered)
 c - a wand of charming (15)
 d - a wand of iceblast (5)
Scrolls
 a - a scroll of fog
 e - a scroll of vulnerability {unknown}
 g - a scroll of silence {unknown}
 j - 3 scrolls of teleportation
 n - a scroll of enchant armour {unknown}
 p - a scroll of amnesia {unknown}
Potions
 f - a potion of might {unknown}
 h - a potion of heal wounds {unknown}
 i - 2 potions of resistance
 l - a potion of curing {unknown}
 m - 2 potions of lignification


   Skills:
 * Level 2.6 Fighting
 + Level 0.8 Short Blades
 + Level 1.2 Maces & Flails
 + Level 2.5 Dodging
 + Level 1.7 Stealth
 + Level 3.3 Evocations


You had 3 spell levels left.
You didn't know any spells.
Your spell library contained the following spells:

 Spells                   Type           Power      Damage    Failure   Level
 Beastly Appendage        Tmut           0%         N/A       30%         1
 Wereblood                Tmut           0%         N/A       43%         2
 Spider Form              Tmut/Pois      0%         N/A       67%         3


Dungeon Overview and Level Annotations

Branches:
Dungeon (3/15)

Altars:

Shops:
D:2 [   D:3 ?


Innate Abilities, Weirdness & Mutations

You are a tree.
Your roots penetrate the ground, keeping you stationary.
You cannot be teleported.
You are immune to unholy pain and torment.
Your maximum health is greatly increased.
Your equipment is partially melded.
((Your plain brown scales are hard. (AC +5)))
You cannot fit into any form of body armour.
((You are cold-blooded and may be slowed by cold attacks.))


Message History

You hit the orc wizard.
The orc wizard is lightly wounded.
The orc wizard hits you but does no damage.
The orc barely misses you.
You barely miss the orc wizard.
The orc wizard is lightly wounded.
The orc wizard hits you but does no damage.
The orc hits you but does no damage.
You hit the orc wizard.
The orc wizard is moderately wounded.
The orc wizard hits you but does no damage.
The orc hits you but does no damage.
You hit the orc wizard.
The orc wizard is heavily wounded.
The orc wizard points at you and mumbles some strange words.
The magic dart hits you.
* * * LOW HITPOINT WARNING * * *
The orc hits you with a +0 hand axe.
* * * LOW HITPOINT WARNING * * *
You hit the orc wizard.
The orc wizard is severely wounded.
The orc wizard hits you but does no damage.
The orc hits you but does no damage.
You hit the orc wizard.
The orc wizard is almost dead.
The orc wizard hits you but does no damage.
The orc hits you but does no damage.
You hit the orc wizard.
The orc wizard is almost dead.
The orc wizard hits you but does no damage.
The orc hits you but does no damage.
You barely miss the orc wizard.
The orc wizard is almost dead.
The orc wizard hits you but does no damage.
The orc hits you but does no damage.
You hit the orc wizard but do no damage.
The orc wizard is almost dead.
The orc wizard casts a spell at you. The magic dart hits you.
You die...

### ### # ##.# #.###### ...#
#....... ##.# #.###### #.#
###†###### #.# #......... ##.#
#.#.######
##.#####################.#.....##
+......(.......o♣†....##.#####.##
##.####.........o..............##
##.# #.#.........###.##.########
##.# #.#.........# #.##.#.......
##.####.#....)....###'##.#.######
........#..............#.#.#
##......#..............#.#.#
#####.##..............#.#.#
#.##............÷.#.#.#


You could see an orc wizard and an orc.

Vanquished Creatures
  4 adders (D:2)
  3 dart slugs
  A bat (D:2)
  2 endoplasms
  2 giant cockroaches (D:2)
  5 goblins
  7 hobgoblins
  6 quokkas
  3 ball pythons
  3 frilled lizards (D:1)
  2 kobolds (D:1)
  3 rats
41 creatures vanquished.

Notes
Turn   | Place    | Note
-------+----------+-------------------------------------------
     0 | D:1      | BlueFish the Draconian Artificer began the quest for the
                  | Orb.
     0 | D:1      | Reached XP level 1. HP: 16/16 MP: 1/1
    25 | D:1      | Reached skill level 1 in Stealth
   156 | D:1      | Reached XP level 2. HP: 23/23 MP: 2/2
   214 | D:1      | Found a faded altar of an unknown god.
   840 | D:2      | Reached XP level 3. HP: 19/29 MP: 3/3
   843 | D:2      | Reached skill level 1 in Maces & Flails
  1468 | D:2      | Reached XP level 4. HP: 33/37 MP: 4/4
  1557 | D:2      | Found Ulurr's Antique Armour Shoppe.
  2100 | D:3      | Found Bafapot's Magic Scroll Emporium.
  2132 | D:2      | HP: 2/55 [orc wizard/magic dart (4)]
  2137 | D:2      | Killed from afar by an orc wizard

Illustrated notes

Levels and vault maps discovered:
D:1:      tarquinn_simple_flora_water_c, layout_basic,
          hellmonk_ecumenical_altar_pennies_from_heaven,
          wander_ebering_terrifying_dragon_lair
D:2:      layout_basic, serial_shops, shop
D:3:      layout_loops_cross, marbit_many_paths, serial_shops,
          nicolae_shop_getting_attention, shop, cheibrodos_gnoll_hut,
          uniq_jessica

Skill      XL: |  1  2  3 |
---------------+----------+-----
Stealth        | 1 |  1.7
Fighting       | 2 |  2.6
Maces & Flails | 1 |  1.2
Short Blades   | |  0.8
Dodging        | |  2.5
Evocations     | |  3.3

Action                     |  1- 3 |  4- 6 || total
---------------------------+-------+-------++-------
  Melee: Club              |    52 |       ||    52
         Tailslap          |    13 |     3 ||    16
         Short sword       |    85 |    45 ||   130
         Punch             |       |     1 ||     1
    Use: Scroll            |     2 |       ||     2
         Potion            |       |     2 ||     2
   Stab: Sleeping          |     6 |     1 ||     7
 Armour: Skin              |    32 |    37 ||    69
  Dodge: Dodged            |    88 |    27 ||   115

Table legend: (Time is in decaauts)
 A = Elapsed time spent in this place.
 B = Non-inter-level travel time spent in this place.
 C = Inter-level travel time spent in this place.
 D = Time resting spent in this place.
 E = Time spent auto-exploring this place.
 F = Levels seen in this place.
 G = Mean time per level.
                   A        B        C        D        E       F      G
               +--------+--------+--------+--------+--------+-----+--------+
         Total |   2154 |   1989 |    165 |      0 |   1583 |   3 |  718.0 |
       Dungeon |   2154 |   1989 |    165 |      0 |   1583 |   3 |  718.0 |
               +--------+--------+--------+--------+--------+-----+--------+

Top non-repeatable levels by time:
     D:2: 1267 daAuts
     D:1: 846 daAuts
     D:3: 40 daAuts
